 Dungeon Crawl Stone Soup version 0.20-a0-709-gd40821f (webtiles) character file.

1683 Ijustatesigmund the Thaumaturge (level 8, -5/43 (44) HPs)
             Began as a Deep Elf Wizard on Feb 21, 2017.
             Was an Initiate of Ashenzari.
             Slain by a black bear (8 damage)
             ... on level 7 of the Dungeon.
             The game lasted 00:20:18 (7031 turns).

Ijustatesigmund the Thaumaturge (Deep Elf Wizard)   Turns: 7031, Time: 00:20:19

HP:   -5/43 (44)    AC:  4    Str:  4    XL:     8   Next: 71%
MP:   1/23          EV: 16    Int: 26    God:    Ashenzari [......]
Gold: 356           SH:  0    Dex: 13    Spells: 16/25 levels left

rFire    + + .     SeeInvis .   r - +0 dagger (venom)
rCold    . . .     Gourm    .   a - +0 robe
rNeg     . . .     Faith    .   (no shield)
rPois    .         Spirit   .   e - +0 helmet
rElec    .         Reflect  .   A - +0 cloak
rCorr    .         Harm     .   (no gloves)
MR       .....                  u - +0 pair of boots
Stlth    ++........             (no amulet)
Regen    0.2/turn               x - ring of protection from fire
MPRegen  0.2/turn               p - ring of protection from fire

@: no status effects
A: talons 1, deformed body
a: Curse Item, Renounce Religion


You were on level 7 of the Dungeon.
You worshipped Ashenzari.
Ashenzari was noncommittal.
You were hungry.

You visited 2 branches of the dungeon, and saw 8 of its levels.

You collected 356 gold pieces.

Inventory:

Hand Weapons
 r - a +0 dagger of venom (weapon)
Armour
 a - a +0 robe (worn)
 e - a +0 helmet (worn)
 m - a +0 buckler
 u - a +0 pair of boots (worn)
 A - a +0 cloak (worn)
Magical Staves
 s - an uncursed staff of power
 w - an uncursed staff of summoning
Jewellery
 p - a ring of protection from fire (left hand)
 x - a ring of protection from fire (right hand)
Wands
 q - a wand of clouds (0/9)
 t - a wand of clouds (2/9)
Scrolls
 b - 5 scrolls of enchant weapon
 h - a scroll of fear
 l - 3 scrolls of remove curse
 v - a scroll of magic mapping
 y - a scroll of recharging {unknown}
 z - 2 scrolls of identify
 F - a scroll of silence {unknown}
Potions
 i - a potion of resistance {unknown}
 k - a potion of might {unknown}
 n - 4 potions of flight
 o - a potion of lignification {unknown}
 B - a potion of brilliance {unknown}
Books
 c - a book of Minor Magic

   Spells                             Type                      Level
   a - Magic Dart                     Conjuration                  1
   b - Blink                          Translocation                2
   c - Call Imp                       Summoning                    2
   d - Slow                           Hexes                        2
   e - Conjure Flame                  Conjuration/Fire             3
   f - Mephitic Cloud                 Conjuration/Poison/Air       3
Comestibles
 d - 5 bread rations
 f - 2 royal jellies
 g - 3 meat rations


   Skills:
 - Level 2.1 Fighting
 - Level 2.2 Short Blades
 + Level 6.9 Dodging
 - Level 2.4 Stealth
 + Level 9.0 Spellcasting
 - Level 4.1 Conjurations
   Level 1.1 Summonings
 - Level 3.2 Translocations
 - Level 2.4 Fire Magic
 - Level 2.4 Air Magic
 - Level 2.5 Poison Magic


You had 16 spell levels left.
You knew the following spells:

 Your Spells              Type           Power        Failure   Level  Hunger
a - Magic Dart            Conj           ####         1%          1    None
b - Blink                 Tloc           N/A          2%          2    None
c - Conjure Flame         Conj/Fire      ####....     4%          3    None
d - Mephitic Cloud        Conj/Pois/Air  ####....     6%          3    None


Dungeon Overview and Level Annotations

Branches:
Dungeon (7/15)             Temple (1/1) D:6

Altars:
Ashenzari
Fedhas
Gozag
Hepliaklqana
Kikubaaqudgha
Makhleb
Okawaru
Qazlal
Ru
Uskayaw
Vehumet
Xom
Yredelemnul
The Shining One
Lugonu

Annotations:
D:5 Gorglomux's ghost, novice CeTm


Innate Abilities, Weirdness & Mutations

You have sharp toenails.
Armour fits poorly on your strangely shaped body.


Message History

Press: ? - help, Shift-Dir - straight line, f/p - black bear
Aim: a black bear (almost dead, berserk, fast, unusually strong, poisoned)
The magic dart hits the black bear.
The black bear is almost dead.
You barely miss the black bear.
The black bear is almost dead.
The black bear bites you! The black bear claws you.
The black bear closely misses you. x2; The black bear misses you.
The black bear claws you.
* * * LOW HITPOINT WARNING * * *
The black bear bites you!
* * * LOW HITPOINT WARNING * * *
The black bear closely misses you. The black bear completely misses you.
It was a potion of mutation.
You feel extremely strange.
Your body twists and deforms.
Your toenails lengthen and sharpen.
You are feeling hungry.
The black bear barely misses you. The black bear misses you. x2
The black bear rages.
The black bear bites you!
You die...

. .
#.#####.#.#
#.
#.#.>......
##.##.#@#
#......h#
..#.....#
#.......#
......#.#
........#
.....(.<#
........#
.........


You could see a black bear (berserk).

Vanquished Creatures
  Eustachio (D:6)
  Duvessa (D:6)
  An orc warrior (D:6)
  A necrophage (D:6)
  An ogre (D:6)
  3 centaurs
  A crocodile (D:5)
  A bullfrog (D:7)
  Dowan (D:6)
  2 howler monkeys (D:7)
  2 crimson imps
  Crazy Yiuf (D:6)
  3 centaur skeletons
  3 hounds
  A jelly (D:5)
  An iguana (D:5)
  2 orc wizards
  4 worker ants
  4 gnolls (D:5)
  7 adders
  A shadow imp (D:5)
  An ooze (D:6)
  An adder skeleton (D:5)
  2 worms
  2 dart slugs
  6 leopard geckos
  13 orcs
  10 giant cockroaches
  8 goblins
  2 hobgoblins (D:2)
  7 jackals
  2 ball pythons
  9 bats
  6 frilled lizards
  4 kobolds
  A quokka skeleton (D:4)
  7 rats
123 creatures vanquished.

Notes
Turn   | Place    | Note
-------+----------+-------------------------------------------
     0 | D:1      | Ijustatesigmund the Deep Elf Wizard began the quest for the Orb.
     0 | D:1      | Reached XP level 1. HP: 10/10 MP: 7/7
   285 | D:1      | Reached XP level 2. HP: 15/15 MP: 4/9
   289 | D:1      | Learned a level 2 spell: Blink
  1165 | D:2      | Found a faded altar of an unknown god.
  1291 | D:2      | Reached XP level 3. HP: 19/19 MP: 7/11
  1490 | D:2      | Reached skill level 5 in Spellcasting
  2167 | D:3      | Found a basalt altar of Yredelemnul.
  2180 | D:3      | Reached XP level 4. HP: 24/24 MP: 9/13
  2436 | D:3      | Found a hazy altar of Hepliaklqana.
  2436 | D:3      | Found an iron altar of Okawaru.
  2697 | D:4      | Reached skill level 1 in Fighting
  2844 | D:4      | Reached XP level 5. HP: 11/29 MP: 10/15
  3098 | D:4      | Learned a level 3 spell: Conjure Flame
  3102 | D:4      | Learned a level 3 spell: Mephitic Cloud
  3412 | D:4      | Found a burning altar of Makhleb.
  3416 | D:4      | Reached skill level 1 in Short Blades
  3523 | D:4      | Noticed a centaur
  3564 | D:4      | Killed a centaur
  3564 | D:4      | Reached XP level 6. HP: 31/35 MP: 2/16
  3738 | D:4      | Found a hide-covered altar of Uskayaw.
  3826 | D:5      | Entered Level 5 of the Dungeon
  3911 | D:5      | Reached skill level 1 in Fire Magic
  3911 | D:5      | Reached skill level 1 in Air Magic
  3911 | D:5      | Reached skill level 1 in Poison Magic
  4161 | D:5      | Reached XP level 7. HP: 20/40 MP: 9/17
  4344 | D:5      | Noticed Gorglomux's ghost (novice CeTm)
  4470 | D:5      | Found an opulent altar of Gozag.
  4573 | D:5      | Found a burning altar of Makhleb.
  4607 | D:6      | Noticed Duvessa
  4607 | D:6      | Noticed Dowan
  4830 | D:6      | Found a runed door.
  4834 | D:6      | Noticed Crazy Yiuf
  4839 | D:6      | Killed Crazy Yiuf
  4910 | D:6      | Reached skill level 6 in Spellcasting
  5244 | D:6      | Killed Dowan
  5260 | D:6      | Killed Duvessa
  5260 | D:6      | Reached skill level 7 in Spellcasting
  5260 | D:6      | Reached XP level 8. HP: 39/43 MP: 6/20
  5455 | D:6      | Reached skill level 5 in Dodging
  5699 | D:6      | Found a staircase to the Ecumenical Temple.
  5706 | Temple   | Entered the Ecumenical Temple
  5747 | Temple   | Became a worshipper of Ashenzari the Shackled
  5797 | D:6      | Noticed Eustachio
  5841 | D:6      | Killed Eustachio
  6377 | D:5      | Found a glowing golden altar of the Shining One.
  6422 | D:5      | Reached skill level 8 in Spellcasting
  7015 | D:7      | Reached skill level 9 in Spellcasting
  7030 | D:7      | Gained mutation: Armour fits poorly on your strangely shaped body. [potion of mutation]
  7030 | D:7      | Gained mutation: You have sharp toenails. [potion of mutation]
  7031 | D:7      | Slain by a black bear

Vault maps used:
D:1:      matt_arrival_grand_opening
D:2:      chequers_ecumenical_altar_island, minmay_tall_x
D:3:      yredelemnul_altar_generic, gammafunk_temple_overflow_wave
D:4:      kennysheep_mini, makhleb_blood_cavern_becter
D:5:      nicolae_tso_carved_into_rock, lemuel_blue_sif_altar,
          nicolae_gozag_cash_rules_everything_around_me,
          nicolae_overflow_hidden_temple, first_bread
D:6:      temple_green, uniq_eustachio, uniq_duvessa, uniq_crazy_yiuf_cottage
D:7:      nemelex_xobeh_ov_fountains_minmay, nicolae_dithmenos_shadow_blocks,
          kennysheep_small_circle, uniq_joseph
Temple:   corrupted_temple

Skill      XL: |  1  2  3  4  5  6  7  8 |
---------------+-------------------------+-----
Conjurations   | 2 3 4 |  4.1
Spellcasting   | 5 7 9 |  9.0
Fighting       | 1 2 |  2.1
Short Blades   | 2 |  2.2
Fire Magic     | 1 2 |  2.4
Air Magic      | 1 2 |  2.4
Poison Magic   | 1 2 |  2.5
Translocations | 2 3 |  3.2
Dodging        | 4 6 |  6.9
Stealth        | |  2.4
Summonings     | |  1.1

Action                   |  1- 3 |  4- 6 |  7- 9 || total
-------------------------+-------+-------+-------++-------
Melee: Dagger            |     1 |     6 |    32 ||    39
 Cast: Magic Dart        |   117 |   111 |   187 ||   415
       Mephitic Cloud    |       |     2 |    11 ||    13
       Blink             |       |     1 |    13 ||    14
Evoke: Wand              |       |       |     3 ||     3
  Use: Scroll            |     8 |     3 |     3 ||    14
       Potion            |       |     1 |     1 ||     2
 Stab: Sleeping          |     1 |       |     1 ||     2
       Confused          |       |       |     3 ||     3
  Eat: Chunk             |     4 |     4 |     5 ||    13
       Royal jelly       |       |     1 |     1 ||     2
       Fruit             |       |       |     1 ||     1
Armor: Robe              |    12 |     3 |    22 ||    37
Dodge: Dodged            |    40 |    21 |    87 ||   148
